 Dungeon Crawl Stone Soup version 0.25-a0-890-g62861fb195 (webtiles) character file.

Game seed: 9479574909302047185, levelgen mode: deterministic

56982 mortelune the Markscentaur (level 14, 0/125 HPs)
             Began as a Centaur Hunter on May 2, 2020.
             Was a High Priest of Okawaru.
             Slain by an Executioner (12 damage)
             ... on level 2 of the Abyss.
             The game lasted 01:08:27 (30527 turns).

mortelune the Markscentaur (Centaur Hunter)        Turns: 30527, Time: 01:08:27

Health: 0/125      AC: 18    Str: 23    XL:     14   Next: 44%
Magic:  17/17      EV:  8    Int: 10    God:    Okawaru [*****.]
Gold:   1451       SH:  0    Dex:  6    Spells: 11/13 levels left

rFire    + . .     SeeInvis .   a - +11 shortbow of Suestrosu {vorpal, rElec rPois MR++ Dex-2}
rCold    . . .     Gourm    .   (shield currently unavailable)
rNeg     + . .     Faith    .   i - +2 chain mail {rF+}
rPois    +         Spirit   .   k - +1 helmet
rElec    +         Reflect  .   z - scarf {repulsion}
rCorr    .         Harm     .   j - +2 pair of gloves
MR       +++++     Clarity  +   (no barding) Stlth ..........Rnd*Tele +
                                Z - amulet of the Four Winds {rN+ MR+++ Clar}
HPRegen  0.30/turn              K - +2 ring of evasion
MPRegen  0.15/turn              F - +5 ring of strength

@: about to teleport, very slightly contaminated, studying 2 skills, invisible,
repel missiles, very quick
A: large, hooves 3, [clumsy 2], deformed body, speed 2, [teleportitis 2], tough
skin 3
a: Heroism, Finesse, Renounce Religion


You were on level 2 of the Abyss.
You worshipped Okawaru.
Okawaru was extremely pleased with you.
You were very hungry.

You visited 3 branches of the dungeon, and saw 19 of its levels.
You visited the Abyss 1 time.
You also visited: Gauntlet.

You collected 1811 gold pieces.
You spent 360 gold pieces at shops.

Inventory:

Hand Weapons
 a - the +11 shortbow of Suestrosu (weapon) {vorpal, rElec rPois MR++ Dex-2}
   (You bought it in a shop on level 12 of the Dungeon)

   Any arrow fired from it inflicts extra damage.
   It affects your dexterity (-2).
   It insulates you from electricity.
   It protects you from poison.
   It affects your resistance to hostile enchantments.
 b - a +0 demon trident of draining
Missiles
 l - 106 poisoned darts
 Q - 362 arrows (quivered)
Armour
 h - a +2 ring mail of magic resistance
 i - a +2 chain mail of fire resistance (worn)
 j - a +2 pair of gloves (worn)
 k - a +1 helmet (worn)
 u - +0 acid dragon scales
 x - a +1 scale mail of cold resistance
 z - a scarf of repulsion (worn)
 J - a +0 cloak
Jewellery
 C - an uncursed ring of resist corrosion
 F - a +5 ring of strength (right hand)
 I - an uncursed ring of protection from cold
 K - a +2 ring of evasion (left hand)
 S - the ring "Leuto" {MR++ Dex+3}
   (You found it in a Gauntlet)

   [ring of dexterity]

   It affects your dexterity (+3).
   It affects your resistance to hostile enchantments.
 Z - the amulet of the Four Winds (around neck) {rN+ MR+++ Clar}
   (You found it in a Gauntlet)

   [amulet of nothing]

   It protects you from negative energy.
   It affects your resistance to hostile enchantments.
   It protects you against confusion.
Wands
 n - a wand of iceblast (23)
 D - a wand of digging (13)
 V - a wand of flame (5)
 W - a wand of paralysis (8)
 X - a wand of acid (20)
Scrolls
 d - 7 scrolls of remove curse
 e - 3 scrolls of fear
 f - 6 scrolls of fog
 g - 7 scrolls of enchant weapon
 m - 2 scrolls of magic mapping
 y - 3 scrolls of enchant armour
 A - 2 scrolls of immolation
 B - 3 scrolls of blinking
 G - 4 scrolls of amnesia
 H - a scroll of summoning
Potions
 o - 6 potions of brilliance
 p - 2 potions of might
 s - a potion of curing
 v - 2 potions of berserk rage
 w - 4 potions of flight
 E - a potion of ambrosia
 N - 4 potions of mutation
 O - 2 potions of magic
 R - 4 potions of cancellation
 T - 3 potions of haste
 Y - a potion of resistance
Books
 c - a manual of Staves
 U - a manual of Armour
Miscellaneous
 M - 2 boxes of beasts
Comestibles
 L - 44 rations


   Skills:
 + Level 11.9 Fighting
 - Level 11.4 Polearms
 + Level 17.9 Bows
 * Level 10.8 Armour
 - Level 1.3 Dodging
 - Level 0.4 Stealth
 + Level 3.4 Translocations
 + Level 4.1 Invocations


You had 11 spell levels left.
You knew the following spells:

 Your Spells              Type           Power        Failure   Level  Hunger
a - Blink                 Tloc           N/A          58%         2    ###....

Your spell library contained the following spells:

 Spells                   Type           Power        Failure   Level  Hunger
 Animate Skeleton         Necr           N/A          90%         1    ##.....
 Corona                   Hex            #......      90%         1    ##.....
 Magic Dart               Conj           #...         90%         1    ##.....
 Pain                     Necr           #...         90%         1    ##.....
 Shock                    Conj/Air       #...         90%         1    ##.....
 Sting                    Tmut/Pois      #...         90%         1    ##.....
 Call Imp                 Summ           #.......     97%         2    ###....
 Poisonous Vapours        Pois/Air       #.....       97%         2    ###....
 Slow                     Hex            #.......     97%         2    ###....
 Swiftness                Chrm/Air       #.......     97%         2    ###....
 Portal Projectile        Hex/Tloc       #.....       97%         3    ####...
 Conjure Flame            Conj/Fire      #.......     99%         3    ####...
 Ignite Poison            Fire/Tmut/Pois #.......     99%         3    ####...
 Inner Flame              Hex/Fire       #.......     99%         3    ####...
 Mephitic Cloud           Conj/Pois/Air  #.......     99%         3    ####...
 Static Discharge         Conj/Air       #.......     99%         3    ####...
 Vampiric Draining        Necr           #.........   99%         3    ####...
 Airstrike                Air            #.........   100%        4    #####..
 Animate Dead             Necr           N/A          100%        4    #####..
 Cause Fear               Hex            #.........   100%        4    #####..
 Leda's Liquefaction      Hex/Erth       #.........   100%        4    #####..
 Olgreb's Toxic Radiance  Pois           #.......     100%        4    #####..
 Agony                    Necr           #.......     100%        5    ######.
 Bolt of Magma            Conj/Fire/Erth #.........   100%        5    ######.
 Iskenderun's Battlesphe  Conj/Chrm      #.......     100%        5    ######.
 Lightning Bolt           Conj/Air       #.........   100%        5    ######.
 Iron Shot                Conj/Erth      #.........   100%        6    #######
 Orb of Destruction       Conj           #.........   100%        7    #######
 Spellforged Servitor     Conj/Summ      #.........   100%        7    #######


Dungeon Overview and Level Annotations

Branches:
Dungeon (12/15)            Temple (1/1) D:7            Lair (6/6) D:9
 Shoals (0/4) Lair:3        Snake (0/4) Lair:2        Slime (0/5) Lair:6
    Orc (0/2) D:10        Gauntlet (visited)

Altars:
Ashenzari
Dithmenos
Fedhas
Makhleb
Okawaru
Qazlal
Sif Muna
Uskayaw
Vehumet
Xom
Zin
Jiyva

Shops:
D:5 ?(   D:12 *

Portals:
Hell: Lair:6

Annotations:
D:10 need detruuire wall
D:11 1 transporter, Arhyostre's ghost, novice DDFi
Lair:5 1 runed translucent door, Thantalas's ghost, journeyman DrFE


Innate Abilities, Weirdness & Mutations

You have hooves in place of feet.
Armour fits poorly on your strangely shaped body.
You cover ground very quickly.
You have extremely tough skin. (AC +3)
[You are very clumsy. (Dex -4)]
[You are sometimes teleported next to monsters.]


Message History

The Executioner hits you but does no damage.
The Executioner barely misses you.
The Executioner hits you but does no damage.
The Executioner hits you!
The Executioner hits you but does no damage.
The Executioner hits you.
The Executioner hits you but does no damage. x2
The Executioner closely misses you. The Executioner hits you.
* * * LOW HITPOINT WARNING * * *
The Executioner hits you but does no damage. x2
The Executioner hits you!
* * * LOW HITPOINT WARNING * * *
The Executioner hits you but does no damage. x2
The Executioner hits you.
* * * LOW HITPOINT WARNING * * *
The Executioner completely misses you. The Executioner hits you.
* * * LOW HITPOINT WARNING * * *
The Executioner hits you!
You die...

.... .. . #..#
#. # ## .
####..# # #
#@.#..## ##.#
##1# #.....##
##G.#...#..#
#.#.# .#.# ##.
#.###.#..##.##..
.##..#...#... ..
.# ##G.#.#.. #
.# .#
#.#.###.###. ..
# ..# # .#. #


You could see a great orb of eyes and an Executioner.

Vanquished Creatures
  Rupert (Lair:4)
  Gastronok (Lair:2)
  A minotaur (Gauntlet)
  Josephine (D:11)
  Erolcha (D:11)
  A hell beast (Lair:6)
  5 hydras
  3 two-headed ogres
  A catoblepas (D:10)
  An unseen horror (D:12)
  2 wizards
  A frost giant zombie (Abyss:2)
  A wolf spider (D:12)
  4 oklob plants (Lair:6)
  2 ugly things (D:12)
  A centaur zombie (D:12)
  5 black mambas
  6 elephants (Lair:6)
  A smoke demon (Lair:6)
  Maggie (D:7)
  11 spiny frogs
  3 gargoyles
  3 rime drakes (Lair:6)
  9 komodo dragons
  3 ice devils (Lair:6)
  2 red devils (Lair:6)
  A hornet (D:12)
  An ancient zyme (Abyss:2)
  A slime creature (D:12)
  3 raiju
  9 hippogriffs
  10 blink frogs
  A meliai zombie (D:11)
  The ghost of Zorot the Stinger, an amateur OpVM (D:4)
  5 wraiths (D:11)
  A water elemental (D:11)
  A wyvern (D:9)
  2 chaos spawn (Abyss:2)
  Grum (D:8)
  6 basilisks
  A steam dragon (D:7)
  30 yaks
  A hungry ghost (D:9)
  A neqoxec (Abyss:2)
  A naga (Lair:2)
  Menkaure (D:4)
  Edmund (D:5)
  An acid dragon (D:12)
  Duvessa (D:5)
  5 large abominations
  17 water moccasins
  5 hell hounds (Lair:6)
  7 orc warriors
  5 porcupines
  A swamp drake (D:10)
  5 ice beasts
  The ghost of Glorfindel the Stinger, an amateur FeVM of Cheibriados (D:5)
  7 small abominations
  5 black bears
  2 eyes of draining (D:12)
  2 phantoms
  9 wolves
  9 centaurs
  10 ogres
  10 crocodiles
  3 big kobolds
  16 bullfrogs
  Dowan (D:5)
  A wyvern skeleton (D:8)
  3 scorpions
  6 killer bees (D:8)
  4 vampire bats (Lair:5)
  10 wights
  6 howler monkeys
  5 electric eels (D:11)
  4 crimson imps
  11 hounds
  A bullfrog zombie (D:10)
  5 jellies
  5 orc priests
  3 centaur skeletons (D:9)
  An iron imp (Abyss:2)
  3 bullfrog skeletons
  9 orc wizards
  5 iguanas
  A lightning spire (Gauntlet)
  14 worker ants
  12 hell rats
  A killer bee zombie (D:5)
  A hound zombie (D:6)
  2 hound skeletons
  A howler monkey skeleton (D:9)
  2 worker ant zombies
  18 adders
  6 gnolls
  10 river rats (Lair:2)
  3 shadow imps
  An ufetubus (Abyss:2)
  9 oozes
  3 adder zombies
  3 adder skeletons
  3 worms
  A dart slug (D:3)
  4 leopard geckos
  54 orcs
  4 ball pythons
  13 bats
  5 giant cockroaches
  9 goblins
  10 hobgoblins
  13 jackals
  6 quokkas
  4 frilled lizards
  A jackal zombie (D:5)
  15 kobolds
  A leopard gecko skeleton (D:9)
  2 quokka skeletons
  A quokka zombie (D:5)
  12 rats
  A plant (Lair:2)
600 creatures vanquished.

Vanquished Creatures (others)
  An orc warrior (D:10)
  An orc wizard (D:9)
  A white imp (Abyss:2)
  3 demonic plants (Gauntlet)
  9 fungi
  5 plants
20 creatures vanquished.

Grand Total: 620 creatures vanquished

Notes
Turn   | Place    | Note
-------+----------+-------------------------------------------
     0 | D:1      | mortelune the Centaur Hunter began the quest for the Orb.
     0 | D:1      | Reached XP level 1. HP: 17/17 MP: 1/1
   138 | D:1      | Reached XP level 2. HP: 25/25 MP: 2/2
   270 | D:1      | Reached skill level 6 in Bows
   561 | D:1      | Reached XP level 3. HP: 30/30 MP: 3/3
  1145 | D:1      | Reached skill level 1 in Polearms
  1341 | D:1      | HP: 1/30 [poisoned by an adder]
  1828 | D:2      | Reached XP level 4. HP: 38/38 MP: 4/4
  2062 | D:2      | Found a blossoming altar of Fedhas.
  2062 | D:2      | Found a radiant altar of Vehumet.
  2062 | D:2      | Found a shadowy altar of Dithmenos.
  2643 | D:3      | Reached XP level 5. HP: 45/45 MP: 5/5
  2870 | D:3      | Found a stormy altar of Qazlal.
  3091 | D:3      | Reached skill level 7 in Bows
  4159 | D:4      | Reached XP level 6. HP: 48/51 MP: 6/6
  4280 | D:4      | Noticed Menkaure
  5385 | D:5      | Entered Level 5 of the Dungeon
  5385 | D:5      | Found Elega's Antique Weapon Shop.
  5413 | D:5      | Reached skill level 8 in Bows
  5459 | D:5      | Found a blossoming altar of Fedhas.
  5472 | D:5      | Noticed an ice beast
  5494 | D:5      | Reached XP level 7. HP: 59/59 MP: 7/7
  5627 | D:5      | Found a runed translucent gate.
  5628 | D:5      | Found a runed translucent gate.
  5629 | D:5      | Found a runed translucent gate.
  5630 | D:5      | Noticed Glorfindel's ghost (amateur FeVM)
  5660 | D:5      | Noticed Edmund
  5704 | D:5      | Killed Edmund
  5854 | D:5      | Found Xiasch's Magic Scroll Boutique.
  5857 | D:5      | Bought a scroll of identify for 22 gold pieces
  5857 | D:5      | Bought a scroll of teleportation for 33 gold pieces
  5857 | D:5      | Bought a scroll of magic mapping for 38 gold pieces
  5877 | D:5      | Reached skill level 9 in Bows
  5997 | D:5      | Noticed Dowan
  5999 | D:5      | Noticed Duvessa
  6001 | D:5      | Noticed a two-headed ogre
  6168 | D:4      | HP: 3/60 [iguana (11)]
  6177 | D:4      | HP: 2/60 [poisoned by an adder]
  6183 | D:4      | HP: 2/60 [poisoned by an adder]
  6197 | D:4      | Reached XP level 8. HP: 19/67 MP: 8/8
  6577 | D:4      | Killed Menkaure
  6577 | D:4      | Reached skill level 5 in Polearms
  6621 | D:4      | Found a large runed translucent door.
  6621 | D:4      | Found a large runed translucent door.
  6625 | D:4      | Noticed Zorot's ghost (amateur OpVM)
  6645 | D:4      | Reached skill level 5 in Fighting
  7018 | D:4      | Killed a two-headed ogre
  7018 | D:4      | Reached skill level 10 in Bows
  7226 | D:5      | Killed Duvessa
  7226 | D:5      | Reached skill level 11 in Bows
  7226 | D:5      | Reached XP level 9. HP: 74/75 MP: 9/9
  7232 | D:5      | Killed Dowan
  8158 | D:6      | Found a shimmering blue altar of Sif Muna.
  8168 | D:6      | Reached skill level 12 in Bows
  9245 | D:7      | Found a staircase to the Ecumenical Temple.
  9314 | Temple   | Entered the Ecumenical Temple
  9323 | Temple   | Became a worshipper of Warmaster Okawaru
  9373 | D:7      | Found a shimmering altar of Xom.
  9373 | D:7      | Found a shimmering altar of Xom.
  9374 | D:7      | Found a shimmering altar of Xom.
  9406 | D:7      | Noticed a two-headed ogre
  9420 | D:7      | Killed a two-headed ogre
  9420 | D:7      | Reached XP level 10. HP: 86/86 MP: 10/10
  9537 | D:7      | Reached * piety under Okawaru
  9844 | D:7      | Noticed Maggie
  9864 | D:7      | Killed Maggie
  9864 | D:7      | Reached skill level 13 in Bows
 10227 | D:7      | Found a shimmering altar of Xom.
 10238 | D:7      | Found a shimmering altar of Xom.
 10238 | D:7      | Found a shimmering altar of Xom.
 10238 | D:7      | Found a shimmering altar of Xom.
 10238 | D:7      | Found a shimmering altar of Xom.
 10238 | D:7      | Found a shimmering altar of Xom.
 10238 | D:7      | Found a shimmering altar of Xom.
 10239 | D:7      | Found a shimmering altar of Xom.
 10686 | D:8      | Noticed Grum
 10713 | D:8      | Reached ** piety under Okawaru
 12001 | D:8      | Noticed a gargoyle
 12029 | D:8      | Killed a gargoyle
 12309 | D:8      | Killed Grum
 12702 | D:9      | Reached skill level 14 in Bows
 12720 | D:9      | Reached *** piety under Okawaru
 13182 | D:9      | Found a staircase to the Lair.
 13333 | D:9      | Reached XP level 11. HP: 76/94 MP: 11/11
 13711 | D:9      | Noticed a wizard
 13731 | D:9      | Killed a wizard
 13731 | D:9      | Reached **** piety under Okawaru
 13731 | D:9      | Reached skill level 10 in Polearms
 13982 | D:9      | Received a gift from Okawaru
 15355 | D:10     | Entered Level 10 of the Dungeon
 15530 | D:9      | Reached skill level 15 in Bows
 15615 | D:9      | Received a gift from Okawaru
 15874 | D:10     | Found a viscous altar of Jiyva.
 15924 | D:10     | Noticed a two-headed ogre
 15952 | D:10     | Killed a two-headed ogre
 16275 | D:10     | Received a gift from Okawaru
 16899 | D:10     | Noticed a catoblepas
 16946 | D:10     | Killed a catoblepas
 16946 | D:10     | Reached skill level 1 in Armour
 17014 | D:10     | Found a staircase to the Orcish Mines.
 17725 | D:11     | Found a transporter.
 17726 | D:11     | Identified the cursed +1 war axe of Zeapuol {distort, MP+9
                  | Str+7 Int-3}
 17726 | D:11     | Noticed a skeletal warrior
 17726 | D:11     | Noticed a wizard
 17736 | D:11     | Found a transporter.
 17758 | D:11     | Noticed a sun demon
 17784 | D:11     | Noticed Arhyostre's ghost (novice DDFi)
 18098 | D:11     | Noticed Josephine
 18104 | D:11     | Killed Josephine
 18104 | D:11     | Received a gift from Okawaru
 18500 | D:11     | Reached XP level 12. HP: 94/104 MP: 12/12
 18534 | D:11     | Received a gift from Okawaru
 18912 | D:11     | Noticed Erolcha
 18958 | D:11     | Killed Erolcha
 19337 | D:12     | Found Haenofut's Assorted Antiques.
 19359 | D:12     | Bought a crystal shortbow for 240 gold pieces
 19359 | D:12     | Bought a ruby potion for 27 gold pieces
 19361 | D:12     | Identified the +11 shortbow of Suestrosu {vorpal, rElec
                  | rPois MR++ Dex-2} (You bought it in a shop on level 12 of
                  | the Dungeon)
 19666 | D:12     | Reached ***** piety under Okawaru
 19666 | D:12     | Reached skill level 16 in Bows
 19730 | D:12     | HP: 2/106 [gargoyle/stone arrow (12)]
 20319 | D:12     | Found a shimmering altar of Xom.
 20620 | D:12     | Received a gift from Okawaru
 21042 | Lair:1   | Entered Level 1 of the Lair of Beasts
 21215 | Lair:1   | Reached skill level 10 in Fighting
 21215 | Lair:1   | Reached skill level 5 in Armour
 22096 | Lair:2   | Received a gift from Okawaru
 22116 | Lair:2   | Found a staircase to the Snake Pit.
 22184 | Lair:2   | Noticed an eight-headed hydra
 22200 | Lair:2   | Killed an eight-headed hydra
 22318 | Lair:2   | Noticed Gastronok
 22337 | Lair:2   | Killed Gastronok
 22337 | Lair:2   | Reached XP level 13. HP: 114/114 MP: 5/13
 23309 | Lair:3   | Received a gift from Okawaru
 23361 | Lair:3   | Found a staircase to the Shoals.
 24019 | Lair:4   | Found a gate leading to a gauntlet.
 24032 | Gauntlet | Entered a Gauntlet
 24032 | Gauntlet | Found a transporter.
 24035 | Gauntlet | Found a transporter.
 24048 | Gauntlet | Found a transporter.
 24051 | Gauntlet | Found a transporter.
 24062 | Gauntlet | Noticed a green death
 24063 | Gauntlet | Found a transporter.
 24083 | Gauntlet | Found a transporter.
 24086 | Gauntlet | Found a transporter.
 24090 | Gauntlet | Found a transporter.
 24109 | Gauntlet | Found a transporter.
 24126 | Gauntlet | Found a transporter.
 24131 | Gauntlet | Found a transporter.
 24138 | Gauntlet | Found a transporter.
 24370 | Gauntlet | Identified a scroll of acquirement
 24370 | Gauntlet | Identified the ring "Geoclot" {*Corrode +Fly rN++ Str+3
                  | SInv} (You acquired it in a Gauntlet)
 24370 | Gauntlet | Identified the +2 quarterstaff of Foolhardiness {vorpal,
                  | rF++ Str+4 SInv} (You acquired it in a Gauntlet)
 24428 | Gauntlet | Got a shimmering bronze ring
 24429 | Gauntlet | Identified the ring "Leuto" {MR++ Dex+3} (You found it in a
                  | Gauntlet)
 24507 | Gauntlet | Identified the cursed +1 battleaxe "Buliotoka" {venom,
                  | Stlth+}
 24507 | Gauntlet | Identified the +4 ring mail of the Furrier {rCorr Dex+3
                  | Slay-6}
 24507 | Gauntlet | Noticed a minotaur
 24517 | Gauntlet | Killed a minotaur
 24517 | Gauntlet | Reached skill level 17 in Bows
 24522 | Gauntlet | Found the amulet of the Four Winds {rN+ MR+++ Clar}
 24835 | Lair:4   | Received a gift from Okawaru
 25088 | Lair:4   | Noticed Rupert
 25107 | Lair:4   | Killed Rupert
 25535 | Lair:5   | Found a runed translucent door.
 25535 | Lair:5   | Found a shimmering altar of Xom.
 25535 | Lair:5   | Noticed Thantalas's ghost (journeyman DrFE)
 26165 | Lair:6   | Entered Level 6 of the Lair of Beasts
 26313 | Lair:5   | Learned a level 2 spell: Blink
 26422 | Lair:6   | Reached skill level 1 in Invocations
 26547 | Lair:6   | Reached skill level 1 in Translocations
 27022 | Lair:6   | Reached XP level 14. HP: 124/124 MP: 15/15
 27045 | Lair:6   | Reached ****** piety under Okawaru
 27045 | Lair:6   | Received a gift from Okawaru
 27179 | Lair:6   | Reached skill level 10 in Armour
 27980 | Lair:6   | Found a viscous altar of Jiyva.
 27980 | Lair:6   | Found a staircase to the Slime Pits.
 28224 | Lair:6   | Found a burning altar of Makhleb.
 28611 | Lair:6   | Found a gateway to Hell.
 28850 | Lair:6   | Received a gift from Okawaru
 29390 | D:4      | Killed Zorot's ghost
 29488 | D:5      | Killed Glorfindel's ghost
 29702 | D:10     | Got a thick robe
 29713 | D:10     | Identified the cursed +0 robe of Tetah {Int+4 Dex+8 Slay-2
                  | SInv} (You found it on level 10 of the Dungeon)
 30007 | D:11     | Cast into level 2 of the Abyss (skeletal warrior)
 30173 | Abyss:2  | Noticed a tentacled starspawn
 30299 | Abyss:2  | Received a gift from Okawaru
 30429 | Abyss:2  | Noticed a revenant
 30447 | Abyss:2  | Found an ancient bone altar of Kikubaaqudgha.
 30517 | Abyss:2  | Noticed an Executioner
 30527 | Abyss:2  | Slain by an Executioner

Levels and vault maps discovered:
D:1:      minmay_arrival_cross, layout_basic
D:2:      layout_loops_cross, chequers_temple_overflow_statue_of_worship
D:3:      kennysheep_six_static_rooms, layout_basic, grunt_qazlal_clouds
D:4:      layout_rooms, ebering_ghost_disaster_area, first_ration, uniq_menkaure
D:5:      layout_loops_ring, serial_rivers, chequers_serial_rivers_small_3,
          chequers_serial_rivers_micro_a, chequers_serial_rivers_micro_b,
          chequers_serial_rivers_large_a, chequers_serial_rivers_marsh,
          chequers_serial_rivers_micro_c, serial_shops, nicolae_shop_trees,
          kennysheep_mini, gammafunk_ghost_necromancy, fedhas_ov_isle_minmay,
          uniq_duvessa, uniq_edmund
D:6:      minmay_general_purpose_star, layout_basic, basic_altar
D:7:      layout_rooms, xom_shifter_show, minmay_temple_entry_butterflies,
          uniq_maggie
D:8:      layout_loops_corners, uniq_grum
D:9:      minmay_imperfect_grid, layout_loops_corners,
          grunt_lair_entry_orc_guard_hut
D:10:     layout_roguey, erik_orc_1, hangedman_little_slice_of_home,
          nicolae_straight_to_the_point
D:11:     layout_basic, gammafunk_ghost_abyssal_escape, uniq_josephine,
          uniq_erolcha
D:12:     layout_roguey, serial_shops, nicolae_shop_overgrown_old_shop,
          minmay_ruined_shrine
Temple:   hc_temple_tempest_star
Lair:1:   layout_layer_cave, grunt_megastairs_2
Lair:2:   layout_loops_ring, guppyfry_snake_entry_island, wad_woods_river_02,
          kennysheep_rathole, uniq_gastronok
Lair:3:   layout_cave_pods, minmay_shoals_entry_centaurs
Lair:4:   layout_roguey, gauntlet_entry_generic, uniq_rupert
Lair:5:   layout_long_grid, ebering_ghost_xom, roderic_batcave,
          lemuel_fruit_fields
Lair:6:   evil_forest, layout_gridlike, dpeg_slime_entry_enclosed_altar,
          grunt_megastairs_3, minmay_lair_oklob_chamber
Abyss:2:  base: D:14, evilmike_abyss_exit_16, lemuel_firewalk_3, minivault_19,
          lemuel_flamethrower_hall

Skill      XL: |  1  2  3  4  5  6  7  8  9 10 11 12 13 14 |
---------------+-------------------------------------------+-----
Bows           | 6 7 8 9 11 12 14 15 16 17 | 17.9
Polearms       | 1 2 3 4 6 8 9 10 11 | 11.4
Fighting       | 3 4 5 7 8 9 10 11 | 11.9
Armour         | 2 6 9 10 | 10.8
Invocations    | 2 4 |  4.1
Translocations | 1 3 |  3.4
Dodging        | |  1.3
Stealth        | |  0.4

Action                   |  1- 3 |  4- 6 |  7- 9 | 10-12 | 13-15 || total
-------------------------+-------+-------+-------+-------+-------++-------
Melee: Short sword       |    17 |       |       |       |       ||    17
       Kick              |    11 |    17 |    18 |   102 |     9 ||   157
       Halberd           |    60 |   109 |    70 |   432 |     9 ||   680
       Demon trident     |       |       |       |       |     9 ||     9
 Fire: Shortbow          |    37 |   143 |   306 |   740 |   692 ||  1918
Invok: Heroism           |       |       |       |     8 |     4 ||    12
       Finesse           |       |       |       |     2 |     3 ||     5
Evoke: Wand              |       |       |       |       |     3 ||     3
  Use: Scroll            |     1 |     9 |     5 |     1 |    25 ||    41
       Potion            |       |       |     1 |     1 |    10 ||    12
 Stab: Distracted        |     1 |       |       |       |       ||     1
  Eat: Chunk             |     2 |    10 |     8 |    35 |    14 ||    69
       Ration            |       |       |       |     1 |     1 ||     2
Armor: Leather armour    |    33 |    64 |     2 |       |       ||    99
       Ring mail         |       |       |    51 |    56 |     3 ||   110
       Swamp dragon scal |       |       |       |   250 |       ||   250
       Scale mail        |       |       |       |       |    40 ||    40
       Chain mail        |       |       |       |       |    51 ||    51
Dodge: Dodged            |    52 |    96 |    47 |   211 |    44 ||   450

Table legend:
 A = Non-vault XP
 B = Vault XP
 C = Vault XP percentage of total XP
 D = Non-vault monster count
 E = Vault monster count
 F = Vault count percentage of total count
                 A         B        C        D         E       F
            +---------+---------+-------+---------+---------+-------
      Total |   46008 |   35395 |  43.5 |     426 |     174 |  29.0
            +---------+---------+-------+---------+---------+-------
        D:1 |      81 |       0 |   0.0 |      34 |       0 |   0.0
        D:2 |      48 |       0 |   0.0 |      12 |       0 |   0.0
        D:3 |     191 |      32 |  14.3 |      38 |       6 |  13.6
        D:4 |    1203 |     400 |  25.0 |      18 |       2 |  10.0
        D:5 |     926 |     555 |  37.5 |      14 |       9 |  39.1
        D:6 |    1266 |     214 |  14.5 |      28 |       2 |   6.7
        D:7 |    1976 |     531 |  21.2 |      20 |       2 |   9.1
        D:8 |    2021 |     541 |  21.1 |      40 |       4 |   9.1
        D:9 |    2926 |    3162 |  51.9 |      35 |      27 |  43.5
       D:10 |    2507 |     702 |  21.9 |      15 |      25 |  62.5
       D:11 |    2436 |    3162 |  56.5 |      34 |       7 |  17.1
       D:12 |    4060 |    2069 |  33.8 |      27 |       6 |  18.2
     Lair:1 |    1587 |     850 |  34.9 |       8 |       3 |  27.3
     Lair:2 |    2679 |    3373 |  55.7 |       6 |      19 |  76.0
     Lair:3 |    4311 |     213 |   4.7 |      26 |       2 |   7.1
     Lair:4 |    2500 |    3203 |  56.2 |       9 |       1 |  10.0
     Lair:5 |    1980 |     856 |  30.2 |      11 |      10 |  47.6
     Lair:6 |    9737 |   12699 |  56.6 |      33 |      39 |  54.2
    Abyss:2 |    3573 |       0 |   0.0 |      18 |       0 |   0.0
   Gauntlet |       0 |    2833 | 100.0 |       0 |      10 | 100.0
            +---------+---------+-------+---------+---------+-------
